AoeStats
← Smokey

Arena

505044862Analyzed
3v3 RM · 25d ago on Sep 7, 2026· 65m 51s· 6 players
Game mode
Random Map
Map size
Normal (6 player)
Population
200
Speed
Normal
Resources
Standard
Victory
Conquest
Starting age
Dark Age
Ending age
Imperial Age
RankedLock teamsTeams togetherTeam positionsShared explorationLock speedFull tech treeHidden civsTurbo modeCheats
Victory
Defeat
🇧🇷 Celts · Brazil
891
+7
🇧🇷 Bulgarians · Brazil
659
+14
🇧🇷 Berbers · Brazil
614
+16
🇷🇴 Persians · Romania
661
-13
🇸🇮 Britons · Slovenia
638
-12
🇶🇦 Malians · Qatar
629
-12
Smokey
12:47 Feudal Age
14:05 Horse Collar
14:14 Double-Bit Axe
14:44 Gold Mining
14:45 Stone Mining
18:32 Castle Age
20:03 Heavy Plow
20:16 Bow Saw
20:46 Gold Shaft Mining
28:03 Wheelbarrow
29:12 Hand Cart
31:49 Padded Archer Armor
31:40 Fletching
33:00 Leather Archer Armor
35:27 Imperial Age
33:21 Bodkin Arrow
33:58 Ballistics
37:08 Chemistry
35:32 Elite Longbowman
36:33 Yeomen
36:58 Elite Longbowman
37:59 Yeomen
40:18 Ring Archer Armor
39:49 Bracer
RAPTOR
10:46 Feudal Age
14:02 Double-Bit Axe
14:01 Horse Collar
24:48 Castle Age
25:10 Elite Skirmisher
31:11 Bow Saw
31:03 Heavy Plow
32:24 Wheelbarrow
31:48 Stone Mining
45:10 Gold Mining
49:02 Imperial Age
53:24 Heavy Scorpion
53:28 Pikeman
56:10 Light Cavalry
TheDon
7:02 Loom
15:04 Feudal Age
16:31 Wheelbarrow
15:44 Double-Bit Axe
15:43 Horse Collar
20:09 Castle Age
18:34 Gold Mining
21:07 Stone Mining
21:50 Hand Cart
21:53 Fortified Wall
24:22 Masonry
24:45 Treadmill Crane
26:48 Bow Saw
27:34 Heavy Plow
28:40 Guard Tower
38:42 Fletching
39:35 Stone Shaft Mining
40:39 Gold Shaft Mining
42:19 Bodkin Arrow
43:10 Tigui
46:38 Imperial Age
47:11 Town Watch
48:10 Conscription
49:32 Forging
49:23 Scale Mail Armor
49:29 Scale Barding Armor
49:25 Padded Archer Armor
49:29 Farimba
51:06 Pikeman
51:07 Man-at-Arms
51:48 Squires
51:33 Arson
53:05 Hoardings
53:19 Elite Skirmisher
53:21 Heavy Cavalry Archer
53:21 Crossbowman
54:07 Thumb Ring
56:47 Chemistry
Chuck Badaluh
0:28 Loom
11:08 Feudal Age
11:37 Double-Bit Axe
12:06 Town Watch
12:51 Man-at-Arms
18:28 Wheelbarrow
23:18 Castle Age
21:10 Arson
22:04 Forging
22:45 Fletching
22:52 Gold Mining
22:54 Stone Mining
23:31 Crossbowman
23:33 Long Swordsman
26:22 Scale Mail Armor
27:22 Gold Shaft Mining
26:31 Horse Collar
29:26 Gambesons
30:03 Chain Mail Armor
30:48 Caravan
31:30 Husbandry
31:44 Scale Barding Armor
33:46 Bow Saw
37:41 Imperial Age
35:33 Ballistics
36:32 Bodkin Arrow
36:52 Padded Archer Armor
37:27 Hand Cart
39:21 Conscription
38:27 Two-Handed Swordsman
39:31 Town Patrol
41:41 Chemistry
42:14 Onager
43:26 Cavalier
43:35 Elite Skirmisher
44:24 Heavy Plow
45:07 Champion
46:26 Siege Engineers
48:09 Stronghold
49:52 Furor Celtica
51:58 Pikeman
54:37 Halberdier
58:12 Iron Casting
58:08 Plate Mail Armor
58:02 Masonry
60:07 Siege Onager
62:00 Paladin
64:14 Hoardings
Luan
10:59 Feudal Age
11:56 Horse Collar
13:09 Forging
13:00 Scale Mail Armor
17:37 Arson
17:41 Double-Bit Axe
17:55 Gold Mining
23:07 Wheelbarrow
26:05 Stone Mining
29:42 Castle Age
31:09 Iron Casting
30:49 Chain Mail Armor
31:02 Hand Cart
31:01 Bow Saw
31:29 Gold Shaft Mining
31:33 Stone Shaft Mining
31:34 Gambesons
31:50 Squires
33:33 Town Watch
33:35 Loom
33:56 Caravan
34:16 Heavy Plow
43:38 Imperial Age
41:12 Town Patrol
41:05 Fletching
41:16 Padded Archer Armor
44:56 Bagains
45:19 Conscription
46:04 Blast Furnace
45:35 Plate Mail Armor
46:45 Scale Barding Armor
46:58 Leather Archer Armor
46:39 Bodkin Arrow
49:16 Murder Holes
50:22 Chemistry
49:44 Ballistics
49:14 Heated Shot
51:28 Siege Engineers
51:35 Masonry
51:52 Chain Barding Armor
51:33 Bracer
51:42 Bracer
54:39 Pikeman
58:41 Heavy Scorpion
64:23 Elite Konnik
65:02 Stirrups
erikedulueders
11:40 Feudal Age
12:22 Double-Bit Axe
16:51 Horse Collar
21:16 Castle Age
18:42 Man-at-Arms
22:22 Heavy Plow
22:36 Bow Saw
22:19 Gold Mining
21:58 Long Swordsman
22:44 Pikeman
23:24 Squires
23:10 Arson
24:05 Wheelbarrow
26:43 Hand Cart
28:11 Scale Mail Armor
28:22 Forging
29:26 Chain Mail Armor
29:12 Padded Archer Armor
29:03 Fletching
29:48 Iron Casting
32:26 Ballistics
32:03 Town Watch
33:04 Town Patrol
38:05 Imperial Age
35:52 Scale Barding Armor
35:43 Bodkin Arrow
37:49 Stone Mining
38:35 Gold Shaft Mining
38:42 Gold Shaft Mining
38:12 Caravan
38:05 Heated Shot
38:07 Loom
39:37 Crop Rotation
39:40 Conscription
38:43 Two-Handed Swordsman
40:00 Capped Ram
41:21 Plate Mail Armor
41:52 Blast Furnace
40:52 Bracer
41:08 Leather Archer Armor
41:14 Chain Barding Armor
41:05 Champion
44:25 Ring Archer Armor
44:31 Plate Barding Armor
44:20 Thumb Ring
43:41 Elite Genitour
45:59 Stone Shaft Mining
47:05 Chemistry
47:31 Hoardings
46:22 Heavy Scorpion
46:26 Onager
47:51 Treadmill Crane
48:22 Masonry
Connection lost

Rejoining the realm…

Still unreachable

The connection could not be restored.

Session expired

The server has moved on; the page needs a fresh start.